 Dungeon Crawl Stone Soup version 0.31-a0-180-g519b7de00c (webtiles) character file.

Game seed: 17862126098251801531

2 LordOfLemon the Chiller (level 1, 0/14 HPs)
             Began as a Ghoul Ice Elementalist on June 20, 2023.
             Slain by a jackal (3 damage)
             ... on level 1 of the Dungeon.
             The game lasted 00:05:05 (56 turns).

LordOfLemon the Chiller (Ghoul Ice Elementalist)      Turns: 56, Time: 00:05:05

Health: 0/14       AC:  2    Str: 11    XL:     1   Next: 40%
Magic:  1/2        EV: 12    Int: 10    God:
Gold:   11         SH:  0    Dex:  9    Spells: 2/3 levels left

rFire   . . .        (no weapon)
rCold   + . .        (no shield)
rNeg    + + +        a - +0 robe
rPois   ∞            (no helmet)
rElec   .            (no cloak)
rCorr   .            (no gloves)
SInv    .            (no boots)
Will    .....        (no amulet)
Stlth   ++           (no ring)
HPRegen 0.00/turn    (no ring)
MPRegen 0.08/turn

%: no passive effects
@: inhibited regen
A: claws 1, cold resistance 1, negative energy resistance 3, inhibited
regeneration, torment resistance 2, devour on kill
a: no special abilities


You were on level 1 of the Dungeon.
You visited 1 branch of the dungeon, and saw 1 of its levels.

You collected 11 gold pieces.

Inventory:

Armour
 a - a +0 robe (worn)
Scrolls
 c - a scroll of fear {unknown}
Potions
 b - a potion of magic


   Skills:
 + Level 1.7 Dodging
 + Level 2.1 Stealth
 + Level 1.9 Spellcasting
 + Level 4.4 Ice Magic


You had 2 spell levels left.
You knew the following spells:

 Your Spells              Type           Power      Damage    Failure   Level
a - Freeze                Ice            36%        1d5       4%          1

Your spell library contained the following spells:

 Spells                   Type           Power      Damage    Failure   Level
 Frozen Ramparts          Ice            18%        1d3       16%         3
 Ozocubu's Armour         Ice            9%         N/A       16%         3
 Summon Ice Beast         Ice/Summ       5%         N/A       77%         4


Dungeon Overview and Level Annotations

Branches:
Dungeon (1/15)

Altars:


Innate Abilities, Weirdness & Mutations

You are immune to poison.
You have sharp fingernails.
Your flesh is cold resistant. (rC+)
You are immune to negative energy. (rN+++)
You do not regenerate when monsters are visible.
You are immune to unholy pain and torment.
You thrive by killing the living.


Message History

The jackal is severely wounded.
The jackal bites you.
* * * LOW HITPOINT WARNING * * *
The jackal barely misses you. The jackal misses you.
You scratch the jackal but do no damage.
The jackal is severely wounded.
The jackal splashes around in the water.
The jackal misses you. The jackal closely misses you.
You scratch the jackal.
The jackal is almost dead.
The jackal barely misses you.
The jackal splashes around in the water.
The jackal bites you but does no damage.
You scratch the jackal but do no damage.
The jackal is almost dead.
The jackal closely misses you. The jackal bites you.
* * * LOW HITPOINT WARNING * * *
You closely miss the jackal.
The jackal is almost dead.
The jackal barely misses you. The jackal closely misses you.
The jackal splashes around in the water.
You barely miss the jackal.
The jackal is almost dead.
The jackal bites you but does no damage.
The jackal splashes around in the water.
The jackal completely misses you.
You scratch the jackal.
The jackal is almost dead.
The jackal splashes around in the water.
The jackal bites you but does no damage.
The jackal closely misses you.
You scratch the jackal but do no damage.
The jackal is almost dead.
The jackal barely misses you.
The jackal splashes around in the water.
The jackal barely misses you.
You barely miss the jackal.
The jackal is almost dead.
The jackal barely misses you. The jackal bites you.
You die...

#≈≈~~~~.<.......##
#≈~~~~~..........#
#≈~~~~......8....#
#≈≈~~~...........## #.
#≈~.~...8.....8...#.#.
#≈~~..............#...
#≈~~................#
#≈~.h)h.............#
#≈~~~@###...........#
####### ####........#
###......## #........
#####..## ..# #


You could see 2 jackals.

Vanquished Creatures
  A goblin (D:1)
  A jackal (D:1)
2 creatures vanquished.

Notes
Turn   | Place    | Note
-------+----------+-------------------------------------------
     0 | D:1      | LordOfLemon the Ghoul Ice Elementalist began the quest for
                  | the Orb.
     0 | D:1      | Reached XP level 1. HP: 14/14 MP: 2/2
    56 | D:1      | Slain by a jackal

Illustrated notes

Levels and vault maps discovered:
D:1:      nicolae_arrival_washed_ashore, layout_basic,
          ebering_ecumenical_altar_petrified

Action                     || total
---------------------------++-------
  Melee: Unarmed           ||    18
   Cast: Freeze            ||     3
 Armour: Robe              ||    10
  Dodge: Dodged            ||    37

Table legend: (Time is in decaauts)
 A = Elapsed time spent in this place.
 B = Non-inter-level travel time spent in this place.
 C = Inter-level travel time spent in this place.
 D = Time resting spent in this place.
 E = Time spent auto-exploring this place.
 F = Levels seen in this place.
 G = Mean time per level.
                   A        B        C        D        E       F      G
               +--------+--------+--------+--------+--------+-----+--------+
         Total |     56 |     44 |     12 |      0 |      0 |   1 |   56.0 |
       Dungeon |     56 |     44 |     12 |      0 |      0 |   1 |   56.0 |
               +--------+--------+--------+--------+--------+-----+--------+

Top non-repeatable levels by time:
     D:1: 56 daAuts
